 Dungeon Crawl Stone Soup version 0.31-a0-233-g139696dc86 (webtiles) character file.

Game seed: 10910570929596143159

189 qw the Shooter (level 5, -17/30 HPs)
             Began as a Gargoyle Hexslinger on July 7, 2023.
             Killed from afar by an oklob plant (32 damage)
             ... with a splash of acid
             ... on level 4 of the Dungeon.
             The game lasted 00:00:47 (1905 turns).

qw the Shooter (Gargoyle Hexslinger)                Turns: 1905, Time: 00:00:47

Health: -17/30     AC:  6    Str: 12    XL:     5   Next: 68%
Magic:  6/6        EV: 10    Int: 13    God:
Gold:   86         SH:  0    Dex: 14    Spells: 5/6 levels left

rFire   . . .        Y - +1 sling
rCold   . . .        (no shield)
rNeg    + . .        f - +0 ring mail
rPois   inf          (no helmet)
rElec   +            j - +0 cloak
rCorr   .            (no gloves)
SInv    .            (no boots)
Will    .....        d - amulet of the acrobat
Stlth   +            (no ring)
HPRegen 0.25/turn    (no ring)
MPRegen 0.10/turn

%: acrobat
@: corroded
A: sickness immunity, AC +4, negative energy resistance 1, electricity
resistance, torment resistance 1, petrification resistance
a: no special abilities


You were on level 4 of the Dungeon.
You visited 1 branch of the dungeon, and saw 4 of its levels.

You collected 131 gold pieces.
You spent 45 gold pieces at shops.


Innate Abilities, Weirdness & Mutations

You are immune to sickness and miasma.
Your stone body is resilient. (AC +4)
You are immune to poison.
You resist negative energy. (rN+)
You are resistant to electric shocks. (rElec)
You are resistant to unholy torment.
You are immune to petrification.


   Skills:
 + Level 2.2 Fighting
 - Level 5.2 Ranged Weapons
 - Level 1.2 Armour
 - Level 1.5 Dodging
 - Level 1.0 Spellcasting
 - Level 2.6 Hexes


You had 5 spell levels left.
You knew the following spells:

 Your Spells              Type           Power      Damage    Failure   Level
a - Slow                  Hex            28%        N/A       22%         1

Your spell library contained the following spells:

 Spells                   Type           Power      Damage    Failure   Level
 Inner Flame              Hex/Fire       4%         N/A       73%         3
 Portal Projectile        Hex/Tloc       8%         N/A       73%         3
 Cause Fear               Hex            3%         N/A       91%         4

Inventory:

Hand Weapons
 Y - a +1 sling (weapon)
Armour
 f - a +0 ring mail (worn)
 j - a +0 cloak (worn)
Jewellery
 d - an amulet of the acrobat (around neck)
Potions
 a - a potion of berserk rage {unknown}
 b - a potion of magic {unknown}
 c - a potion of curing {unknown}
 e - a potion of invisibility {unknown}
 g - a potion of haste {unknown}
 h - a potion of attraction {unknown}
 i - a potion of heal wounds

Dungeon Overview and Level Annotations

Branches:
Dungeon (4/15)
 Temple: D:4-7

Altars:
Fedhas

Shops:
D:1 [

Annotations:
D:4 exclusion: oklob plant


Message History

Enter note:
Enter note:
Enter note:
Enter note:
Enter note: You shoot a sling bullet.
The sling bullet hits the plant.
The plant begins to die.
The plant is lightly damaged.
Enter note: You shoot a sling bullet.
The sling bullet hits the plant!
The plant is lightly damaged.
Enter note: You shoot a sling bullet.
The sling bullet hits the plant.
The plant is lightly damaged.
Enter note: You shoot a sling bullet.
The sling bullet hits the plant.
The plant is lightly damaged.
A nearby plant withers and dies.
Enter note: The oklob plant spits acid at you.
The splash of acid hits you!
Ouch! That really hurt!
The acid corrodes you!
Enter note:
Enter note:
Enter note:
Enter note:
Enter note: You shoot a sling bullet.
The sling bullet hits the fungus.
The fungus begins to die.
The fungus is lightly damaged.
You shoot a sling bullet. The sling bullet hits the fungus!
The fungus is lightly damaged.
You shoot a sling bullet.
The sling bullet hits the fungus but does no damage.
The fungus is lightly damaged.
The oklob plant spits acid at you. The splash of acid hits you!!
Ouch! That really hurt!
You die... ## ################## #P77P.P7PP#PPP.PP...7# ##..PPPPPP7#P.#PP..PPP#

#P#.PP.PP7P7P.7P.....P#
#PP.PP7#PPP.#.7P@PP...#
#P.PPP7.........#PP##P#
#P.P#PP..~~.~~..P.PPPP#
#.PPP7..~~~.~~~..PP7PP#
#P7PP..~~~~.~~~~...P7P#
#P.PP.~~~~~.~~~~~.#P7 #
#PP7P.~~~~...~~~~.P.PP
#.PPP.~~~~._.~~~~.PP7##
#P7PP.~~~~...~~~~.PP.


You could see an oklob plant.

Vanquished Creatures
  An ice beast (D:3)
  5 gnolls
  2 adders
  A worm (D:3)
  2 ball pythons
  6 bats
  2 endoplasms
  3 hobgoblins
  3 jackals (D:2)
  3 kobolds
  3 frilled lizards
  2 goblins
  2 rats
35 creatures vanquished.

Notes
Turn   | Place    | Note
-------+----------+-------------------------------------------
     0 | D:1      | qw the Gargoyle Hexslinger began the quest for the Orb.
     0 | D:1      | Reached XP level 1. HP: 12/12 MP: 2/2
     0 | D:1      | 0 ||| qw: Version: 0.3-a-46-gb1f654a
     0 | D:1      | 0 ||| qw: Game counter: 3336
     0 | D:1      | 0 ||| qw: Melee chars always use a shield: true
     0 | D:1      | 0 ||| qw: God list: Okawaru
     0 | D:1      | 0 ||| qw: Allow faded altars: false
     0 | D:1      | 0 ||| qw: Do Orc after clearing Dungeon:15 true
     0 | D:1      | 0 ||| qw: Do second Lair branch before Depths: true
     0 | D:1      | 0 ||| qw: Lair rune preference: random
     0 | D:1      | 0 ||| qw: Goals: Normal
     0 | D:1      | 0 ||| PLANNING D:1-11
    11 | D:1      | You fall into a shaft and drop 1 floor!
    72 | D:2      | 72 ||| UPGRADING to +0 ring mail.
    82 | D:2      | 82 ||| DROPPING +0 robe.
    83 | D:2      | 83 ||| UPGRADING to amulet of the acrobat.
   103 | D:2      | 103 ||| READING scroll labelled BUESHR MESIEH.
   104 | D:2      | 104 ||| DROPPING scroll of poison.
   163 | D:1      | Reached XP level 2. HP: 15/16 MP: 3/3
   389 | D:1      | Reached skill level 3 in Ranged Weapons
   615 | D:1      | Found Inamem's Armour Shop.
   624 | D:1      | 624 ||| BUYING +0 cloak (45 gold).
   624 | D:1      | Bought a +0 cloak for 45 gold pieces
   624 | D:1      | 624 ||| SHOPLISTING +1 leather armour of poison resistance
                  | (110 gold, have 3).
   624 | D:1      | 624 ||| UPGRADING to +0 cloak.
   629 | D:1      | 629 ||| READING scroll labelled EVEOLI OHAERIEN.
   630 | D:1      | 630 ||| READING scroll labelled USIVEN LIW YNYU.
   631 | D:1      | 631 ||| READING scroll labelled TUMEMA XEEMICK.
   700 | D:2      | Reached XP level 3. HP: 21/21 MP: 4/4
   939 | D:2      | Reached skill level 1 in Armour
   978 | D:2      | Reached XP level 4. HP: 23/26 MP: 5/5
  1212 | D:2      | 1212 ||| DRINKING 3 fizzy orange potions.
  1321 | D:3      | Reached skill level 4 in Ranged Weapons
  1783 | D:4      | Noticed an ice beast
  1786 | D:4      | 1786 ||| STAIRDANCE
  1788 | D:3      | HP: 3/26 [ice beast (12)]
  1789 | D:3      | 1789 ||| DRINKING 3 potions of heal wounds.
  1802 | D:3      | HP: 3/26 [ice beast (12)]
  1803 | D:3      | 1803 ||| DRINKING 2 potions of heal wounds.
  1805 | D:3      | Killed an ice beast
  1806 | D:3      | Reached skill level 5 in Ranged Weapons
  1806 | D:3      | Reached XP level 5. HP: 14/30 MP: 6/6
  1872 | D:4      | Found a blossoming altar of Fedhas.
  1894 | D:4      | Noticed an oklob plant
  1905 | D:4      | Killed from afar by an oklob plant

Levels and vault maps discovered:
D:1:      dpeg_arrival_fog, layout_basic, serial_shops,
          nicolae_shop_tiny_waterfront, minmay_misc_feat_alley, minmay_distorted
D:2:      layout_basic
D:3:      layout_basic, st_stairs_8
D:4:      layout_basic, mainiacjoe_overflow_cross_hatched, tgw_fedhas,
          nzn_wu_jian_contemplation, serial_shops,
          nicolae_shop_advertising_works [nicolae_subvault_shop_adworks],
          serial_glass, glass_columns_a, glass_columns_a

Skill      XL: |  1  2  3  4 |
---------------+-------------+-----
Ranged Weapons | 3 5 |  5.2
Fighting       | 2 |  2.2
Armour         | 1 |  1.2
Dodging        | |  1.5
Spellcasting   | |  1.0
Hexes          | |  2.6

Action                     |  1- 3 |  4- 6 || total
---------------------------+-------+-------++-------
   Fire: Sling             |   102 |    92 ||   194
    Use: Scroll            |     4 |       ||     4
         Potion            |       |     3 ||     3
 Armour: Ring mail         |    36 |    35 ||    71
         Robe              |     3 |       ||     3
  Dodge: Dodged            |    53 |    38 ||    91

Table legend:
 A = Non-vault XP
 B = Vault XP
 C = Vault XP percentage of total XP
 D = Non-vault monster count
 E = Vault monster count
 F = Vault count percentage of total count
                 A         B        C        D         E       F
            +---------+---------+-------+---------+---------+-------
      Total |     264 |       6 |   2.2 |      31 |       4 |  11.4
            +---------+---------+-------+---------+---------+-------
        D:1 |      17 |       5 |  22.7 |       3 |       3 |  50.0
        D:2 |      93 |       0 |   0.0 |      19 |       0 |   0.0
        D:3 |     154 |       1 |   0.6 |       9 |       1 |  10.0
            +---------+---------+-------+---------+---------+-------
